Map: Cerulean Fall LE

Players

jheffe

  • Race: Terran Terran
  • Spawn Location: 7:00

Silky - Winner!

  • Race: Zerg Zerg
  • Spawn Location: 1:00

Event: WCS Montreal 2018

VOD

Have the link to the VOD?

Description

Time

  • Played on: Sept. 7, 2018, 2 p.m.
  • Length: 16:20

All games in this series

Show
View Real Time Build Order
Export as new Build Order

jheffe Terran 

Build Orders: Liberator Opening, Reaper Expand, Bio Tank 

Get SALT Encoding   

  12  0:00  SCV  
  13  0:13  SCV  
  14  0:17  Supply Depot  
  14  0:25  SCV  
  15  0:38  SCV  
  15  0:40  Barracks  
  16  0:44  Refinery  
  16  0:50  SCV  
  17  1:03  SCV  
  18  1:15  SCV  
  19  1:28  Reaper, Orbital Command  
  20  1:41  Command Center  
  20  1:53  Supply Depot  
  21  1:54  SCV  
  21  2:00  Marine  
  22  2:06  SCV  
  22  2:08  Factory  
  23  2:13  Refinery  
  23  2:18  SCV  
  23  2:22  Barracks Reactor  
  24  2:30  SCV  
  25  2:42  SCV  
  26  2:54  SCV, Starport  
  28  3:04  Orbital Command  
  27  3:06  SCV  
  27  3:12  Hellion x2  
  32  3:17  Barracks Tech Lab  
  32  3:19  SCV  
  32  3:26  Supply Depot  
  32  3:31  SCV, Viking  
  36  3:34  SCV  
  36  3:35  Hellion  
  36  3:37  Hellion  
  40  3:44  SCV, Liberator  
  40  3:46  SCV  
  42  3:55  Supply Depot  
  42  3:56  SCV, Hellion  
  42  3:58  Hellion  
  50  4:03  SCV  
  50  4:08  SCV  
  50  4:09  Barracks Tech Lab  
  52  4:15  SCV  
  53  4:19  Supply Depot  
  53  4:20  Cyclone, SCV  
  53  4:21  Cyclone  
  60  4:28  SCV  
  61  4:32  SCV  
  62  4:40  Marine  
  62  4:41  Supply Depot x2  
  62  4:42  SCV  
  62  4:43  Armory  
  64  4:51  SCV  
  65  4:57  SCV  
  65  4:58  Command Center  
  66  5:02  Stimpack, Marine  
  66  5:06  Factory Reactor  
  67  5:11  SCV, Refinery x2  
  68  5:15  SCV  
  69  5:24  SCV  
  69  5:25  Marine  
  71  5:31  Barracks x2  
  71  5:32  SCV  
  71  5:33  Engineering Bay  
  71  5:35  Engineering Bay, Hellion x6  
  69  5:41  Starport Reactor  
  69  5:43  SCV, Marine  
  71  5:50  SCV  
  71  5:54  Siege Tank  
  71  5:55  SCV  
  76  6:01  Marine  
  76  6:03  SCV  
  78  6:06  Terran Infantry Armor Level 1, Barracks, Terran Infantry Weapons Level 1  
  78  6:07  SCV, Barracks  
  79  6:13  Orbital Command  
  79  6:15  SCV  
  80  6:19  SCV  
  80  6:21  Marine x2  
  80  6:23  Medivac x2  
  87  6:27  Marine  
  87  6:28  SCV  
  87  6:29  Marine  
  87  6:31  SCV  
  91  6:34  Siege Tank  
  91  6:35  Orbital Command  
  92  6:40  SCV  
  92  6:41  Supply Depot  
  91  6:52  Supply Depot  
  88  6:55  SCV  
  88  6:56  Marine  
  88  6:57  Marine x3  
  93  7:02  Marine  
  93  7:03  SCV x2  
  93  7:08  SCV  
  97  7:12  Combat Shields  
  97  7:14  Barracks Reactor x2, Marine x2, Supply Depot  
  97  7:15  SCV, Marine x2  
  102  7:16  SCV  
  102  7:20  SCV, Refinery x2  
  104  7:27  SCV, Supply Depot  
  104  7:28  SCV, Supply Depot  
  106  7:32  SCV  
  106  7:33  Marine x2  
  106  7:34  Marine x3  
  106  7:35  Siege Tank  
  115  7:40  SCV, Supply Depot  
  115  7:42  Supply Depot  
  108  7:51  Marine x3  
  108  7:53  Marine x2  
  108  7:54  Marine x4  
  108  7:57  SCV  
  115  7:59  SCV  
  116  8:09  Marine x3  
  116  8:11  Marine x4  
  116  8:12  Siege Tank, Marine  
  125  8:19  Marine  
  117  8:26  Factory  
  117  8:27  Marine  
  117  8:28  Supply Depot  
  117  8:29  Medivac x2, Supply Depot  
  117  8:30  SCV  
  123  8:34  Marine  
  123  8:35  Marine x5  
  123  8:38  SCV  
  130  8:45  Marine x2, Supply Depot  
  130  8:47  SCV  
  133  9:00  Marine x5  
  133  9:01  Marine x2  
  138  9:03  Marine x2  
  138  9:04  SCV x2  
  138  9:08  Siege Tank  
  145  9:12  Medivac x2  
  145  9:15  Terran Infantry Weapons Level 2, Terran Infantry Armor Level 2  
  149  9:18  Marine x2  
  151  9:28  Factory Tech Lab  
  151  9:34  Marine x3  
  151  9:35  Marine x2  
  151  9:37  Command Center  
  156  9:41  Siege Tank  
  156  9:43  Medivac x2  
  163  9:50  Marine x2  
  165  9:54  Supply Depot  
  165  9:55  Supply Depot  
  165  10:02  Marine x4  
  169  10:12  Marine x5  
  169  10:13  Medivac x2, Siege Tank  
  177  10:20  Marine x3  
  177  10:26  Marine  
  177  10:35  Marine x2  
  179  10:37  Command Center  
  179  10:42  Medivac  
  179  10:43  Medivac  
  179  10:45  Siege Tank  
  179  10:49  Marine x2  
  183  10:54  Siege Tank  
  186  10:59  Barracks  
  186  11:00  Barracks  
  182  11:13  Marine x3  
  182  11:17  Siege Tank  
  188  11:20  Medivac  
  188  11:21  Medivac  
  188  11:22  SCV  
  193  11:26  Siege Tank  
  193  11:27  Supply Depot  
  193  11:29  Supply Depot  
  196  11:33  Barracks  
  196  11:40  Marine x2  
  196  11:43  Marine  
  196  11:45  Marine x2  
  190  11:49  Command Center  
  182  11:55  Liberator, Marine x2  
  182  11:56  Marine x2  
  182  11:57  Marine  
  182  11:58  Marine, Siege Tank  
  182  12:01  Marine  
  194  12:03  Terran Infantry Weapons Level 3, Marine  
  194  12:11  Siege Tank  
  194  12:14  Barracks Tech Lab x2  
  189  12:22  Liberator  
  163  12:38  Siege Tank  
  163  12:41  Marauder x3  
  163  12:42  Barracks Tech Lab  
  175  12:53  Marine x3, Siege Tank  
  175  12:54  Marine  
  182  13:06  Marine x4  
  182  13:07  Marauder x2  
  188  13:25  Siege Tank  
  191  13:39  Siege Tank  
  185  13:47  Marine x4  
  185  13:48  Marauder x4, Marine  
  173  14:01  Marine x3  
  170  14:05  Marine x2  
  170  14:09  Marauder x3  
  177  14:15  Marine x2, Siege Tank x2  
  185  14:29  Ghost Academy  
  156  15:02  Marine  
  156  15:03  Marauder  
  153  15:08  Marauder x2, Marine x3  
  153  15:13  Marine x2  
  153  15:14  Marauder  
  163  15:24  Marauder  
  165  15:31  Orbital Command  
  137  15:36  Marine x3  
  137  15:37  Marauder x3  
  124  15:46  Marine x4  
  128  15:56  Marine x2  
  128  15:57  Marine  
Show
View Real Time Build Order
Export as new Build Order

Silky Zerg - Winner!

Build Orders: Pool First 

Get SALT Encoding   

  12  0:00  Drone  
  13  0:12  Overlord  
  13  0:17  Drone  
  14  0:31  Drone x2  
  14  0:34  Drone  
  17  0:45  Extractor  
  17  0:48  Spawning Pool  
  15  0:50  Drone  
  15  0:56  Drone  
  17  1:06  Drone  
  18  1:18  Hatchery  
  18  1:23  Drone  
  18  1:35  Zergling x2  
  18  1:37  Queen  
  21  1:47  Metabolic Boost  
  21  1:49  Drone  
  22  1:54  Overlord  
  22  2:13  Drone x2, Queen  
  26  2:22  Drone  
  27  2:31  Queen  
  27  2:32  Drone  
  30  2:38  Spore Crawler  
  30  2:41  Drone  
  30  2:43  Drone x2  
  32  2:44  Drone x2  
  32  2:45  Drone  
  35  2:55  Spore Crawler  
  35  2:57  Drone  
  35  3:01  Overlord  
  34  3:14  Hatchery  
  34  3:15  Drone  
  34  3:16  Drone  
  34  3:20  Drone  
  34  3:21  Drone  
  34  3:25  Queen  
  38  3:31  Zergling x4  
  40  3:34  Drone  
  40  3:35  Drone  
  40  3:37  Drone  
  43  3:41  Overlord  
  43  3:48  Lair  
  43  3:59  Baneling Nest  
  43  4:00  Drone x5  
  43  4:01  Drone  
  48  4:05  Overlord  
  48  4:11  Queen  
  48  4:14  Zergling x2  
  51  4:20  Overlord  
  51  4:22  Extractor  
  51  4:23  Extractor  
  49  4:25  Drone x4  
  49  4:29  Queen  
  55  4:34  Drone, Overlord  
  55  4:38  Drone x2  
  58  4:41  Drone x2  
  60  4:47  Queen  
  60  4:51  Centrifical Hooks  
  62  4:55  Zergling x6  
  62  4:59  Overlord  
  65  5:01  Overseer  
  65  5:04  Drone, Spore Crawler  
  65  5:10  Zergling x8  
  65  5:13  Baneling x3  
  68  5:15  Zergling x4  
  70  5:22  Zergling x8  
  70  5:27  Overlord  
  73  5:34  Drone x6  
  77  5:37  Overlord  
  77  5:41  Evolution Chamber  
  76  5:43  Evolution Chamber  
  75  5:52  Drone  
  75  5:53  Drone x4  
  80  5:57  Baneling x3  
  80  6:00  Drone x3  
  83  6:08  Zerg Ground Armor Level 1, Zerg Melee Weapons Level 1  
  83  6:17  Drone  
  83  6:18  Drone x4  
  88  6:21  Baneling x4  
  88  6:22  Baneling  
  88  6:27  Drone  
  88  6:28  Drone  
  88  6:29  Hydralisk Den  
  88  6:31  Drone x4  
  93  6:34  Hatchery  
  93  6:36  Extractor x2  
  90  6:45  Drone x8  
  94  6:52  Drone x3  
  97  6:58  Zergling x2  
  97  7:00  Hatchery  
  97  7:02  Zergling x2  
  97  7:04  Overlord  
  97  7:06  Muscular Augments  
  97  7:07  Overlord x2  
  97  7:08  Infestation Pit  
  97  7:11  Overlord  
  97  7:12  Overlord  
  97  7:21  Baneling x4  
  97  7:22  Baneling  
  97  7:23  Drone, Baneling  
  97  7:24  Drone x5  
  97  7:26  Zergling x6  
  97  7:27  Zergling x2  
  107  7:30  Baneling x2  
  107  7:31  Baneling x6  
  107  7:32  Zergling x2  
  107  7:35  Zergling x4  
  110  7:38  Zergling x6  
  107  7:53  Zergling x6  
  107  7:54  Zergling x2  
  106  7:58  Queen  
  106  8:01  Zergling x4  
  106  8:02  Zergling x10  
  106  8:05  Zerg Melee Weapons Level 2, Zerg Ground Armor Level 2  
  113  8:07  Hive  
  113  8:10  Zergling x2  
  113  8:11  Zergling x4  
  114  8:16  Zergling x2  
  114  8:17  Zergling x2  
  113  8:21  Zergling x6  
  113  8:24  Zergling x4  
  113  8:26  Grooved Spines  
  118  8:31  Hydralisk x5  
  118  8:32  Hydralisk  
  118  8:33  Overlord x2  
  125  8:50  Hatchery  
  125  8:51  Hydralisk x3  
  125  8:52  Hydralisk x4  
  125  8:53  Zergling x10  
  141  8:57  Overlord x2  
  138  9:07  Overlord  
  138  9:08  Extractor  
  138  9:09  Extractor  
  136  9:14  Overlord x2  
  136  9:19  Viper  
  136  9:22  Ultralisk Cavern  
  136  9:23  Drone x2  
  136  9:24  Drone  
  141  9:26  Drone  
  141  9:28  Zergling x2  
  141  9:29  Zergling x24  
  155  9:41  Queen  
  155  9:43  Adrenal Glands  
  157  9:45  Baneling  
  157  9:46  Baneling x10  
  157  9:49  Hatchery  
  157  9:50  Zergling x2  
  157  9:51  Zergling x14  
  164  9:57  Baneling x8  
  164  10:01  Zergling x2  
  164  10:02  Zergling x12  
  167  10:11  Zergling x20  
  156  10:21  Chitinous Plating  
  151  10:35  Hatchery  
  150  10:36  Ultralisk  
  150  10:41  Baneling x11  
  156  10:44  Drone x2  
  151  10:52  Zergling x24  
  163  10:58  Overlord x2  
  155  11:05  Ultralisk  
  155  11:08  Ultralisk  
  165  11:16  Baneling x2  
  165  11:20  Extractor  
  165  11:21  Drone x4  
  165  11:22  Drone x6  
  174  11:27  Ultralisk  
  174  11:29  Zergling x6  
  183  11:34  Zergling x12  
  172  11:49  Zergling x10, Ultralisk  
  172  11:50  Zergling x14  
  179  11:59  Drone x2  
  178  12:13  Zergling x2  
  178  12:14  Zergling x20  
  187  12:26  Hatchery  
  174  12:35  Hydralisk x9, Zergling x2  
  179  12:43  Queen  
  181  12:52  Overlord x3  
  181  12:55  Hatchery  
  179  13:12  Spire  
  178  13:25  Queen  
  180  13:29  Zergling x4, Ultralisk  
  180  13:30  Zergling x18  
  197  13:55  Zergling x24  
  199  14:01  Overlord  
  198  14:03  Queen x2  
  192  14:13  Drone x4  
  192  14:15  Infestor  
  198  14:18  Overseer  
  198  14:19  Baneling x5  
  198  14:20  Baneling x14  
  198  14:21  Zergling x2  
  198  14:22  Spore Crawler  
  198  14:24  Spore Crawler, Baneling  
  198  14:25  Baneling, Spine Crawler  
  198  14:26  Spore Crawler, Zerg Flyer Weapons Level 1  
  198  14:28  Spire  
  198  14:29  Baneling x11  
  198  14:30  Spine Crawler  
  180  14:55  Viper x2  
  173  15:04  Hatchery  
  173  15:05  Zergling x12, Ultralisk x2  
  173  15:06  Zergling x24  
  197  15:13  Spore Crawler  
  197  15:14  Overseer  
  196  15:22  Drone  
  196  15:23  Drone x2  
  199  15:35  Zergling x8, Ultralisk x2  
  185  15:36  Zergling x26  
  185  15:50  Hydralisk  
  185  15:52  Zergling x6  
  196  16:02  Baneling  
  196  16:03  Baneling x2  
  196  16:05  Spore Crawler  
  196  16:08  Spore Crawler  
Tags
 
Add a new tag
Caveats
  • Supply blocks, unpowered buildings, or Contaminate may cause inaccurate times.
  • Supply counts are checked every 10 seconds.